 Dungeon Crawl Stone Soup version 0.29.0 (webtiles) character file.

Game seed: 17656532245608679147

67 Dorkslayer the Trooper (level 4, -5/41 HPs)
             Began as a Hill Orc Fighter on Aug 31, 2022.
             Slain by a gnoll
             ... wielding a +0 flail
              (6 damage)
             ... on level 2 of the Dungeon.
             The game lasted 00:02:56 (1172 turns).

Dorkslayer the Trooper (Hill Orc Fighter)           Turns: 1172, Time: 00:02:56

Health: -5/41      AC:  7    Str: 20    XL:     4   Next: 16%
Magic:  4/4        EV:  9    Int:  8    God:
Gold:   56         SH:  4    Dex: 10    Spells: 3/3 levels left

rFire   . . .      SeeInvis .   e - +1 war axe (vorpal)
rCold   . . .      Faith    .   c - +0 buckler
rNeg    . . .      Spirit   .   b - +0 scale mail
rPois   .          Reflect  .   (no helmet)
rElec   .          Harm     .   (no cloak)
rCorr   .          Rampage  .   (no gloves)
Will    .....                   (no boots)
Stlth   ..........              (no amulet)
HPRegen 0.13/turn               (no ring)
MPRegen 0.09/turn               (no ring)

@: no status effects
A: no striking features
a: no special abilities


You were on level 2 of the Dungeon.
You visited 1 branch of the dungeon, and saw 2 of its levels.

You collected 56 gold pieces.

Inventory:

Hand Weapons
 a - a +0 war axe of flaming
 e - a +1 vorpal war axe (weapon)
Armour
 b - a +0 scale mail (worn)
 c - a +0 buckler (worn)
Potions
 d - a potion of might
 g - a potion of mutation


   Skills:
 * Level 4.3 Fighting
 + Level 3.4 Axes
 + Level 3.7 Armour
 * Level 1.1 Dodging
 + Level 0.1 Stealth
 + Level 3.6 Shields


You had 3 spell levels left.
You didn't know any spells.
Your spell library contained the following spells:

 Spells                   Type           Power      Damage    Failure   Level
 Summon Small Mammal      Summ           0%         N/A       85%         1
 Call Canine Familiar     Summ           0%         N/A       99%         3
 Ignite Poison            Fire/Tmut/Pois 0%         N/A       99%         3
 Mephitic Cloud           Conj/Pois/Air  0%         N/A       99%         3
 Summon Guardian Golem    Hex/Summ       0%         N/A       99%         3
 Freezing Cloud           Conj/Ice/Air   0%         6-21      100%        5


Dungeon Overview and Level Annotations

Branches:
Dungeon (2/15)

Altars:

Shops:
D:1 (


Message History

You hit the gnoll.
The gnoll is severely wounded.
The gnoll hits you with a +0 halberd.
You hit the gnoll.
You kill the gnoll!
You see here a +0 halberd. 3 gnolls come into view.
The gnoll shouts!
The gnoll barely misses you.
You slash the gnoll!
You kill the gnoll!
You have reached level 4!
You closely miss the gnoll. The gnoll hits you with a +0 flail.
You barely miss the gnoll. The gnoll hits you with a +0 flail.
The gnoll hits you with a +0 flail!
* * * LOW HITPOINT WARNING * * *
You hit the gnoll.
The gnoll is moderately wounded.
The gnoll hits you with a +0 flail.
* * * LOW HITPOINT WARNING * * *
You barely miss the gnoll.
The gnoll is moderately wounded.
The gnoll barely misses you. The gnoll hits you with a +0 flail.
* * * LOW HITPOINT WARNING * * *
You closely miss the gnoll.
The gnoll is moderately wounded.
The gnoll hits you with a +0 flail.
* * * LOW HITPOINT WARNING * * *
You hit the gnoll but do no damage.
The gnoll is moderately wounded.
The gnoll hits you with a +0 flail.
* * * LOW HITPOINT WARNING * * *
Okay, then.
You barely miss the gnoll.
The gnoll is moderately wounded.
You block the gnoll's attack. The gnoll barely misses you.
You barely miss the gnoll.
The gnoll is moderately wounded.
The gnoll hits you with a +0 flail.
You die...

#. #. ##### #.
#...# #.
#...###### #.
#........###.
######....#†)....†
#..)†.....#.#.....
#@#####+#.#.......
#g# #.#....... #g#
.......... #.#
..##...... #.#
#..##...... #.. .g
##+#### ###


You could see 2 gnolls.

Vanquished Creatures
  2 gnolls (D:2)
  An adder (D:2)
  A dart slug (D:1)
  3 bats (D:2)
  5 endoplasms
  3 giant cockroaches
  A goblin (D:2)
  4 hobgoblins
  2 kobolds (D:1)
  2 quokkas
  5 ball pythons (D:1)
  A frilled lizard (D:1)
  5 rats
35 creatures vanquished.

Notes
Turn   | Place    | Note
-------+----------+-------------------------------------------
     0 | D:1      | Dorkslayer the Hill Orc Fighter began the quest for the
                  | Orb.
     0 | D:1      | Reached XP level 1. HP: 19/19 MP: 1/1
    91 | D:1      | Found Odysargha's Weapon Boutique.
   145 | D:1      | Reached XP level 2. HP: 24/27 MP: 2/2
   804 | D:1      | Reached XP level 3. HP: 33/33 MP: 3/3
   991 | D:2      | Identified a scroll of acquirement
   991 | D:2      | Acquired a +1 vorpal war axe
  1117 | D:2      | Reached skill level 1 in Dodging
  1133 | D:2      | Reached skill level 4 in Fighting
  1165 | D:2      | Reached XP level 4. HP: 24/41 MP: 4/4
  1170 | D:2      | HP: 1/41 [gnoll/+0 flail (2)]
  1172 | D:2      | Slain by a gnoll

Illustrated notes

Levels and vault maps discovered:
D:1:      lemuel_arrival_behind_the_door_small, layout_basic, serial_forest,
          infiniplex_forest_lined_2, infiniplex_forest_zigzag_1,
          infiniplex_forest_lined_2, infiniplex_forest_lined_2,
          infiniplex_forest_end_2, serial_shops, nicolae_shop_hallway_plus
D:2:      layout_basic, minmay_box_of_dots

Skill      XL: |  1  2  3 |
---------------+----------+-----
Axes           | 3 |  3.4
Dodging        | 1 |  1.1
Fighting       | 4 |  4.3
Armour         | |  3.7
Stealth        | |  0.1
Shields        | |  3.6

Action                   |  1- 3 |  4- 6 || total
-------------------------+-------+-------++-------
Melee: War axe           |   101 |     8 ||   109
  Use: Scroll            |     5 |       ||     5
Armor: Scale mail        |    45 |       ||    45
Dodge: Dodged            |    53 |     2 ||    55
Block: Buckler           |    30 |     1 ||    31
